 Dungeon Crawl Stone Soup version 0.20.1-1-g8b1a95d (webtiles) character file.

99 Jukra the Skirmisher (level 4, -2/37 HPs)
             Began as a Demonspawn Abyssal Knight on Aug 29, 2017.
             Was a Follower of Lugonu.
             Killed from afar by a dart slug (3 damage)
             ... with a slug dart
             ... on level 3 of the Dungeon.
             The game lasted 00:11:09 (2280 turns).

Jukra the Skirmisher (Demonspawn Abyssal Knight)    Turns: 2280, Time: 00:11:09

Health: -2/37      AC:  8    Str: 13      XL:     4   Next: 45%
Magic:  5/5        EV:  6    Int: 17      God:    Lugonu [*.....]
Gold:   107        SH:  0    Dex: 10 (12) Spells: 3/3 levels left

rFire    . . .     SeeInvis .   a - +1 falchion
rCold    . . .     Gourm    .   (no shield)
rNeg     . . .     Faith    .   f - +0 chain mail
rPois    .         Spirit   .   (no helmet)
rElec    .         Reflect  .   (no cloak)
rCorr    .         Harm     .   (no gloves)
MR       .....                  (no boots)
Stlth    ..........             (no amulet)
Regen    0.2/turn               e - +3 ring of intelligence
MPRegen  0.1/turn               (no ring)

@: no status effects
A: foul stench 1, rot immunity
a: Depart the Abyss, Renounce Religion


You were on level 3 of the Dungeon.
You worshipped Lugonu.
Lugonu was aware of your devotion.
You were not hungry.

You visited 1 branch of the dungeon, and saw 3 of its levels.
You visited the Abyss 1 time.

You collected 107 gold pieces.

Inventory:

Hand Weapons
 a - a +1 falchion (weapon)
 d - a +0 short sword
 l - a +1 dagger of venom
 p - a +0 flail
 q - a +0 flail
 t - a +0 trident
Missiles
 j - 8 javelins (quivered)
Armour
 b - a +0 leather armour
 f - a +0 chain mail (worn)
 k - a +0 ring mail
 m - a +0 robe
 s - a +0 scale mail
Jewellery
 e - a +3 ring of intelligence (left hand)
 u - an uncursed amulet of inaccuracy
Scrolls
 g - 3 scrolls of fear
 i - a scroll of remove curse
 r - 2 scrolls of identify
Potions
 h - a potion of brilliance
 n - a potion of cancellation
 v - a potion of haste {unknown}
Comestibles
 c - 2 bread rations
 o - a royal jelly


   Skills:
 + Level 3.9 Fighting
 + Level 2.8 Long Blades
 + Level 2.5 Armour
 + Level 1.1 Dodging
 + Level 0.4 Stealth
 + Level 2.6 Invocations


You had 3 spell levels left.
You didn't know any spells.

Dungeon Overview and Level Annotations

Branches:
Dungeon (3/15)

Altars:
The Shining One

Annotations:
D:3 Sigmund


Innate Abilities, Weirdness & Mutations

You may emit foul miasma when damaged in melee.
You are immune to rotting.


Message History

The dart slug launches a dart at you. The slug dart hits you!
* * * LOW HITPOINT WARNING * * *
You hit the dart slug.
The dart slug is heavily wounded.
The orc hits you but does no damage.
Sigmund hits you from afar with a scythe.
* * * LOW HITPOINT WARNING * * *
The dart slug bites you but does no damage.
You hit the dart slug.
The dart slug is severely wounded.
The orc hits you but does no damage.
Sigmund screams, "I am the angel of ZOT!!!"
Sigmund points at you and mumbles some strange words.
The puff of flame hits you!
* * * LOW HITPOINT WARNING * * *
The orc hits you but does no damage. The dart slug launches a dart at you.
The slug dart hits you!
You die...

#...## # ##..# #.≈ ##..#
≈≈≈ ##...# !# ≈≈≈
#####8...## .# ≈≈≈
#...#.....##### ..# ≈≈≈
#._.......##..# %.# ≈≈≈
#...#.....##..# #.# ..≈
#####8.....#@.####..##[.
.?. ##...###wo@.$.....!≈
.≈≈ #....##..##.#####.≈≈
##...##............≈ ≈
#..#####..##....... #≈≈
##..# #.## .##..$# ≈≈≈
#...# ##.# .# ... ≈≈≈
##..## #..# .# . ..#
##...# #.## .#


You could see Sigmund, a dart slug and an orc.

Vanquished Creatures
  4 adders
  An ooze (D:2)
  5 dart slugs (D:3)
  2 leopard geckos (D:1)
  3 orcs (D:3)
  2 bats (D:2)
  2 giant cockroaches (D:2)
  5 goblins
  3 hobgoblins
  3 jackals (D:2)
  3 kobolds
  A quokka (D:2)
  2 ball pythons
  2 frilled lizards
  7 rats
45 creatures vanquished.

Notes
Turn   | Place    | Note
-------+----------+-------------------------------------------
     0 | Abyss:1  | Jukra the Demonspawn Abyssal Knight began the quest for the Orb.
     0 | Abyss:1  | Reached XP level 1. HP: 18/18 MP: 2/2
    27 | Abyss:1  | Noticed a tentacled starspawn
    28 | D:1      | Escaped the Abyss
   369 | D:1      | Gained mutation: You are immune to rotting. [demonic ancestry]
   369 | D:1      | Reached XP level 2. HP: 23/24 MP: 3/3
  1089 | D:2      | Reached XP level 3. HP: 27/30 MP: 4/4
  1162 | D:2      | Reached skill level 1 in Dodging
  1177 | D:2      | Reached * piety under Lugonu
  1821 | D:3      | Gained mutation: You may emit foul miasma when damaged in melee. [demonic ancestry]
  1821 | D:3      | Reached XP level 4. HP: 37/37 MP: 5/5
  1894 | D:3      | HP: 1/37 [dart slug/slug dart (2)]
  2194 | D:3      | Found a glowing golden altar of the Shining One.
  2242 | D:3      | Noticed Sigmund
  2280 | D:3      | HP: 1/37 [Sigmund/puff of flame (7)]
  2280 | D:3      | Killed from afar by a dart slug

Skill      XL: |  1  2  3 |
---------------+----------+-----
Armour         | 2 |  2.5
Long Blades    | 2 |  2.8
Dodging        | 1 |  1.1
Fighting       | |  3.9
Stealth        | |  0.4
Invocations    | |  2.6

Action                   |  1- 3 |  4- 6 || total
-------------------------+-------+-------++-------
Melee: Falchion          |    97 |    52 ||   149
Invok: Depart the Abyss  |     1 |       ||     1
  Use: Scroll            |     7 |     3 ||    10
       Potion            |     6 |       ||     6
  Eat: Bread ration      |     1 |       ||     1
       Fruit             |     1 |       ||     1
Armor: Chain mail        |    85 |    35 ||   120
Dodge: Dodged            |    41 |    15 ||    56
       Rpst.: Falchion   |    18 |     3 ||    21
